 Dungeon Crawl Stone Soup version 0.32-a0-791-gfc315c9ecd (webtiles) character file.

Game seed: 5756438399476183206

167873 mdonais the Warrior (level 17, -9/204 HPs)
             Began as an Oni Enchanter on Mar 20, 2024.
             Was a Follower of Uskayaw.
             Mangled by an eight-headed hydra simulacrum (15 damage)
             ... on level 4 of the Swamp on Mar 21, 2024.
             The game lasted 02:46:40 (37386 turns).

mdonais the Warrior (Oni Enchanter)                Turns: 37386, Time: 02:46:41

Health: -9/204     AC: 13    Str: 20    XL:     17   Next: 93%
Magic:  18/27      EV: 16    Int: 23    God:    Uskayaw [*.....]
Gold:   2259       SH:  0    Dex: 24    Spells: 7/26 levels left

rFire   + .          .
                       - Unarmed
rCold   + . .        (no shield)
rNeg    + . .        a - melded +1 robe of the Haunted Jabberwock {rElec rPois Regen+ SInv}
rPois   +            l - +2 hat
rElec   .            n - +2 cloak
rCorr   .            (gloves unavailable)
SInv    .            (boots unavailable)
Will    ++...        r - amulet of regeneration
Stlth   +++          v - ring "Dycur" {rPois rF+ Int+5 Dex+5}
HPRegen 1.34/turn    z - ring "Zuzib" {Str+2 Int+2 Dex+6}
MPRegen 0.20/turn

%: clarity
@: ice-armoured, maw-form, flying
A: devouring maw, large, unfitting armour, horns 1, tough skin 1, double potion
healing, drunken brawling, clarity, cold resistance 1, strong-willed 1
a: Begin Untransformation, Renounce Religion, Stomp


You were on level 4 of the Swamp.
You worshipped Uskayaw.
Uskayaw was pleased with you.
You were a creature with a mouth for a stomach.
You visited 6 branches of the dungeon, and saw 30 of its levels.
You also visited: Sewer, Bailey and Gauntlet.

You collected 2985 gold pieces.
You spent 726 gold pieces at shops.

Inventory:

Hand Weapons
 G - a +4 longbow of flaming
   (You took it off Nessos on level 5 of the Lair of Beasts)
Missiles
 w - 14 large rocks
 F - 8 curare-tipped darts (quivered)
 J - 2 atropa-tipped darts
Armour
 a - the +1 robe of the Haunted Jabberwock (melded) {rElec rPois Regen+ SInv}
   (You acquired it in a bailey)

   rElec:     It insulates you from electricity.
   rPois:     It protects you from poison.
   SInv:      It lets you see invisible.
   Regen+:    It increases your rate of health regeneration.
 l - a +2 hat (worn)
   (You found it on level 11 of the Dungeon)
 n - a +2 cloak (worn)
   (You took it off Crazy Yiuf on level 6 of the Dungeon)
 K - +0 swamp dragon scales
   (You found it on level 1 of the Swamp)
 M - a scarf of repulsion
   (You found it in a Gauntlet)
 P - +0 storm dragon scales
   (You found it in a Gauntlet)
 R - a +1 tower shield of fire resistance
   (You found it in a Gauntlet)
Jewellery
 k - the ring of Jucaf {Str+3 SInv}
   (You found it on level 12 of the Dungeon)

   [ring of see invisible]

   Str+3:     It affects your strength (+3).
   SInv:      It lets you see invisible.
 r - an amulet of regeneration (around neck)
   (You found it on level 6 of the Dungeon)
 v - the ring "Dycur" (left hand) {rPois rF+ Int+5 Dex+5}
   (You found it in a Gauntlet)

   [ring of protection from fire]

   Int+5:     It affects your intelligence (+5).
   Dex+5:     It affects your dexterity (+5).
   rF+:       It protects you from fire.
   rPois:     It protects you from poison.
 x - a ring of willpower
   (You found it on level 2 of the Spider Nest)
 z - the ring "Zuzib" (right hand) {Str+2 Int+2 Dex+6}
   (You bought it in a shop on level 2 of the Orcish Mines)

   [ring of dexterity]

   Str+2:     It affects your strength (+2).
   Int+2:     It affects your intelligence (+2).
   Dex+6:     It affects your dexterity (+6).
 O - a ring of ice
   (You found it on level 1 of the Lair of Beasts)
 U - a ring of flight
   (You found it on level 9 of the Dungeon)
Talismans
 p - a blade talisman
   (You found it on level 2 of the Spider Nest)
 C - the maw talisman "Xirunoess" (active) {Fly rN+}
   (You found it on level 1 of the Swamp)

   [maw talisman]

   rN+:       It protects you from negative energy.
   Fly:       It grants you flight.
 Y - a serpent talisman
   (You found it on level 10 of the Dungeon)
Wands
 y - a wand of charming (28)
   (You took it off Jeremiah on level 6 of the Dungeon)
 D - a wand of digging (5)
   (You found it on level 7 of the Dungeon)
 I - a wand of roots (11)
   (You took it off Maurice on level 7 of the Dungeon)
 L - a wand of mindburst (35)
   (You found it on level 8 of the Dungeon)
 V - a wand of flame (92)
   (You took it off Ijyb on level 3 of the Dungeon)
Scrolls
 h - 2 scrolls of fog
 i - 9 scrolls of immolation
 j - 5 scrolls of enchant armour
 t - 5 scrolls of vulnerability
 u - 2 scrolls of fear
 A - 2 scrolls of poison
 B - 5 scrolls of blinking
 T - 8 scrolls of teleportation
 X - a scroll of revelation
Potions
 b - 11 potions of mutation
 c - 2 potions of invisibility
 d - 2 potions of brilliance
 e - 5 potions of attraction
 f - 4 potions of berserk rage
 g - 7 potions of ambrosia
 m - 2 potions of lignification
 q - 6 potions of resistance
 E - 2 potions of cancellation
 H - a potion of haste
 Q - 10 potions of curing
 S - 2 potions of might
 W - 4 potions of enlightenment
 Z - 3 potions of heal wounds


   Skills:
 + Level 20.7 Fighting
 - Level 2.1 Short Blades
 - Level 7.0 Ranged Weapons
 + Level 8.9 Dodging
 - Level 4.0 Stealth
 - Level 14.0 Unarmed Combat
 - Level 5.0 Spellcasting
 - Level 3.0 Conjurations
 - Level 4.0 Hexes
 - Level 4.0 Summonings
 - Level 2.0 Translocations
 - Level 6.6 Ice Magic
 - Level 14.0 Invocations
 - Level 10.0 Shapeshifting


You had 7 spell levels left.
You knew the following spells:

 Your Spells              Type           Power      Damage    Failure   Level
a - Ensorcelled Hibernat  Hex/Ice        60%        N/A       1%          2
b - Ozocubu's Armour      Ice            36%        N/A       1%          3
c - Summon Ice Beast      Ice/Summ       30%        N/A       3%          3
d - Dazzling Flash        Conj/Hex       42%        N/A       7%          3
f - Blink                 Tloc           28%        N/A       6%          2
g - Confusing Touch       Hex            24%        N/A       5%          3
h - Tukima's Dance        Hex            24%        N/A       5%          3

Your spell library contained the following spells:

 Spells                   Type           Power      Damage    Failure   Level
 Slow                     Hex            96%        N/A       1%          1
 Summon Small Mammal      Summ           96%        N/A       1%          1
 Magic Dart               Conj           76%        1d6       2%          1
 Call Imp                 Summ           48%        N/A       2%          2
 Shock                    Conj/Air       48%        1d6       4%          1
 Sting                    Conj/Alch      48%        1d6       4%          1
 Momentum Strike          Conj/Tloc      34%        3d8       4%          2
 Call Canine Familiar     Summ           24%        N/A       5%          3
 Lesser Beckoning         Tloc           28%        N/A       6%          2
 Mercury Vapours          Alch/Air       10%        N/A       14%         2
 Scorch                   Fire           10%        2d5       14%         2
 Sublimation of Blood     Necr           5%         N/A       14%         2
 Stone Arrow              Conj/Erth      24%        3d8       16%         3
 Mephitic Cloud           Conj/Alch/Air  10%        N/A       19%         3
 Fugue of the Fallen      Necr           5%         N/A       28%         3
 Swiftness                Air            5%         N/A       28%         3
 Vampiric Draining        Necr           5%         2d6       28%         3
 Iskenderun's Mystic Bla  Conj/Tloc      17%        2d5       32%         4
 Anguish                  Hex/Necr       7%         N/A       38%         4
 Animate Armour           Summ/Erth      28%        N/A       38%         4
 Manifold Assault         Tloc           14%        N/A       38%         4
 Passage of Golubria      Tloc           14%        N/A       38%         4
 Summon Blazeheart Golem  Fire/Summ      14%        N/A       38%         4
 Flame Wave               Conj/Fire      12%        2d6       45%         4
 Summon Mana Viper        Hex/Summ       24%        N/A       45%         5
 Summon Forest            Summ/Tloc      9%         N/A       58%         5
 Airstrike                Air            2%         2d(1-17)  67%         4
 Leda's Liquefaction      Alch/Erth      2%         N/A       67%         4
 Olgreb's Toxic Radiance  Alch           5%         N/A       67%         4
 Silence                  Hex/Air        7%         N/A       75%         5
 Yara's Violent Unravell  Hex/Alch       7%         3d5       75%         5
 Arcjolt                  Conj/Air       6%         1d16      80%         5
 Alistair's Intoxication  Alch           3%         N/A       95%         5
 Curse of Agony           Necr           5%         N/A       95%         5
 Lee's Rapid Deconstruct  Erth           2%         3d5*      95%         5
 Summon Cactus Giant      Summ           12%        N/A       95%         6
 Permafrost Eruption      Ice/Erth       10%        2x4d4     98%         6
 Sculpt Simulacrum        Ice/Alch       10%        N/A       98%         6
 Death Channel            Necr           2%         N/A       100%        6
 Starburst                Conj/Fire      6%         6d4       100%        6
 Malign Gateway           Summ/Tloc      9%         N/A       100%        7
 Monstrous Menagerie      Summ           12%        N/A       100%        7
 Lehudib's Crystal Spear  Conj/Erth      6%         10d3      100%        8
 Maxwell's Capacitive Co  Air            2%         ∞         100%        8
 Summon Horrible Things   Summ           12%        N/A       100%        8
 Dragon's Call            Summ           12%        N/A       100%        9


Dungeon Overview and Level Annotations

Branches:
Dungeon (15/15) Zot: 24267  Temple (1/1) D:6 Zot: 5998    Lair (5/5) D:9 Zot: 21594
  Swamp (4/4) Lair:3 Zot: 20320  Spider (3/4) Lair:2 Zot: 14153   Slime (0/5) Lair:5
    Orc (2/2) D:12 Zot: 9628     Elf (0/3) Orc:2        Vaults (0/5) D:13
 Depths (0/4) D:15          Sewer (visited)          Bailey (visited)
Gauntlet (visited)

Altars:
Ashenzari
Cheibriados
Dithmenos
Elyvilon
Fedhas
Gozag
Hepliaklqana
Kikubaaqudgha
Makhleb
Nemelex Xobeh
Okawaru
Qazlal
Ru
Sif Muna
Trog
Uskayaw
Vehumet
Wu Jian
Xom
Yredelemnul
Zin
The Shining One
Beogh
Jiyva

Shops:
D:4 :   D:5 [   Orc:1 [   Orc:2 [!**

Annotations:
Spider:2 2 transporters, exclusion: orange crystal statue


Innate Abilities, Weirdness & Mutations

You are a creature with a mouth for a stomach.
Your midsection houses a second, enormous mouth.
You are too large for most types of armour.
You have a pair of small horns on your head.
You have tough skin. (AC +1)
You gain doubled healing and magic from potions.
Whenever you drink a healing potion, you attack all around you.
You possess an exceptional clarity of mind.
Your flesh is cold resistant. (rC+)
You are strong-willed. (Will+)


Message History

Confirm with . or Enter, or press ? or * to list all spells.
A film of ice covers your body!
You now have 24/27 mp.
Casting: Ozocubu's Armour (safe; 1% risk of failure)
Confirm with . or Enter, or press ? or * to list all spells.
A chill wind blows around you.
You now have 21/27 mp.
A six-headed hydra simulacrum comes into view.
Your ice beast hits the five-headed hydra simulacrum.
Your ice beast freezes the five-headed hydra simulacrum.
The five-headed hydra simulacrum completely resists.
Your ice beast hits the five-headed hydra simulacrum.
Your ice beast freezes the five-headed hydra simulacrum.
The five-headed hydra simulacrum completely resists.
Your ice beast hits the five-headed hydra simulacrum.
Your ice beast freezes the five-headed hydra simulacrum.
The five-headed hydra simulacrum completely resists.
The six-headed hydra simulacrum bites your ice beast!
The six-headed hydra simulacrum freezes your ice beast.
Your ice beast completely resists.
The six-headed hydra simulacrum bites your ice beast!
The six-headed hydra simulacrum freezes your ice beast.
Your ice beast completely resists.
The six-headed hydra simulacrum barely misses your ice beast.
The six-headed hydra simulacrum closely misses your ice beast.
The six-headed hydra simulacrum bites your ice beast.
The six-headed hydra simulacrum freezes your ice beast.
Your ice beast completely resists.
The six-headed hydra simulacrum barely misses your ice beast.
The five-headed hydra simulacrum misses you.
The five-headed hydra simulacrum bites you but does no damage.
The five-headed hydra simulacrum bites you!
The five-headed hydra simulacrum freezes you!
You resist.
The five-headed hydra simulacrum bites you.
The five-headed hydra simulacrum freezes you!
You resist.
The five-headed hydra simulacrum bites you but does no damage.
Your ice beast hits the five-headed hydra simulacrum.
Your ice beast freezes the five-headed hydra simulacrum.
The five-headed hydra simulacrum completely resists.
You take 41 damage, and have 163/204 hp.
MASSIVE DAMAGE!!
You punch the five-headed hydra simulacrum!
You headbutt the five-headed hydra simulacrum.
You bite the five-headed hydra simulacrum!
The five-headed hydra simulacrum vaporises!
Your ice beast hits the six-headed hydra simulacrum.
Your ice beast freezes the six-headed hydra simulacrum.
The six-headed hydra simulacrum completely resists.
An eight-headed hydra simulacrum comes into view.
The six-headed hydra simulacrum bites your ice beast.
The six-headed hydra simulacrum freezes your ice beast.
Your ice beast completely resists.
The six-headed hydra simulacrum bites your ice beast!
Your ice beast dies!
Your ice beast disappears in a puff of smoke!
Casting: Summon Ice Beast (mildly dangerous; 3% risk of failure)
Confirm with . or Enter, or press ? or * to list all spells.
A chill wind blows around you.
The six-headed hydra simulacrum closely misses your ice beast.
The six-headed hydra simulacrum bites your ice beast!
The six-headed hydra simulacrum freezes your ice beast.
Your ice beast completely resists.
The six-headed hydra simulacrum bites your ice beast.
The six-headed hydra simulacrum freezes your ice beast.
Your ice beast completely resists.
The six-headed hydra simulacrum bites your ice beast.
The six-headed hydra simulacrum freezes your ice beast.
Your ice beast completely resists.
The six-headed hydra simulacrum bites your ice beast.
The six-headed hydra simulacrum freezes your ice beast.
Your ice beast completely resists.
The six-headed hydra simulacrum bites your ice beast.
Your ice beast dies!
Your ice beast disappears in a puff of smoke!
You regained 2 hp, and now have 167/204 hp.
You now have 20/27 mp.
Casting: Summon Ice Beast (mildly dangerous; 3% risk of failure)
Confirm with . or Enter, or press ? or * to list all spells.
A chill wind blows around you.
You now have 17/27 mp.
A seven-headed hydra simulacrum comes into view.
You regained 2 hp, and now have 171/204 hp.
You hit the six-headed hydra simulacrum.
The six-headed hydra simulacrum is moderately damaged.
The six-headed hydra simulacrum bites you but does no damage.
The six-headed hydra simulacrum barely misses you.
The six-headed hydra simulacrum bites you but does no damage.
The six-headed hydra simulacrum bites you!
The six-headed hydra simulacrum freezes you!
You resist.
The six-headed hydra simulacrum closely misses you. x2
You take 21 damage, and have 150/204 hp.
You hit the six-headed hydra simulacrum.
You headbutt the six-headed hydra simulacrum.
You punch the six-headed hydra simulacrum!
You bite the six-headed hydra simulacrum.
The six-headed hydra simulacrum vaporises!
Your ice beast hits the eight-headed hydra simulacrum.
Your ice beast freezes the eight-headed hydra simulacrum.
The eight-headed hydra simulacrum completely resists.
The eight-headed hydra simulacrum barely misses you.
The eight-headed hydra simulacrum bites you.
The eight-headed hydra simulacrum freezes you!
You resist.
The eight-headed hydra simulacrum misses you.
The eight-headed hydra simulacrum bites you!
The eight-headed hydra simulacrum freezes you!
You resist.
The eight-headed hydra simulacrum bites you!
The eight-headed hydra simulacrum freezes you!!
You resist.
The eight-headed hydra simulacrum bites you!
The eight-headed hydra simulacrum freezes you!
You resist.
The eight-headed hydra simulacrum barely misses you.
The eight-headed hydra simulacrum bites you.
The eight-headed hydra simulacrum freezes you!!
You resist.
* * * LOW HITPOINT WARNING * * *
Training target 14.0 for Invocations reached!
Your Invocations skill increases to level 14!
You take 104 damage, and have 46/204 hp.
MASSIVE DAMAGE!!
You punch the eight-headed hydra simulacrum!
You bite the eight-headed hydra simulacrum!
The eight-headed hydra simulacrum is severely damaged.
Your ice beast hits the eight-headed hydra simulacrum.
Your ice beast freezes the eight-headed hydra simulacrum.
The eight-headed hydra simulacrum completely resists.
The eight-headed hydra simulacrum bites you but does no damage.
The eight-headed hydra simulacrum bites you!
* * * LOW HITPOINT WARNING * * *
The eight-headed hydra simulacrum freezes you!
You resist.
* * * LOW HITPOINT WARNING * * *
The eight-headed hydra simulacrum bites you.
* * * LOW HITPOINT WARNING * * *
The eight-headed hydra simulacrum freezes you!
You resist.
* * * LOW HITPOINT WARNING * * *
The eight-headed hydra simulacrum barely misses you.
The eight-headed hydra simulacrum bites you but does no damage.
The eight-headed hydra simulacrum bites you.
* * * LOW HITPOINT WARNING * * *
The eight-headed hydra simulacrum freezes you!
You resist.
You die...
Your body falls in perfect tune with the rhythm.

#..##♣≈≈..♣♣♣♣♣♣~
##..#♣♣≈≈..♣♣.♣~♣
##♣.##♣♣≈≈≈♣.~.~.~
#)..##♣≈≈≈♣♣♣.~...
###..#♣≈≈♣♣ ♣♣...~
##..##♣♣♣♣♣♣♣♣(.~.
#...# ♣♣≈≈..~..
#..## ♣♣≈≈...~..
#WY# ♣≈≈≈≈..♣~.
#○Z# ♣≈≈≈≈..~.
##..# ♣♣≈≈≈≈≈.≈
##..# ♣♣≈≈≈≈≈≈ ..#
♣♣♣≈≈≈≈ ≈Z. ♣♣♣♣♣
.≈.. ≈≈≈☼


You could see an eight-headed hydra simulacrum (ally target), a seven-headed
hydra simulacrum and a friendly ice beast (summoned).

Vanquished Creatures
  Rupert (Lair:5)
  A thorn hunter (Swamp:3)
  Kirke (Spider:1)
  A ghost moth (Spider:1)
  A broodmother (Spider:3)
  4 eleionomae
  3 bunyips
  Nessos (Lair:5)
  A minotaur (Gauntlet)
  3 spark wasps
  An ettin (D:12)
  A green death (Gauntlet)
  A fire dragon (Lair:5)
  2 entropy weavers
  Josephine (D:15)
  Erolcha (D:13)
  An ogre mage (D:15)
  4 radroaches
  8 hydras
  4 catoblepae
  Erica (Lair:1)
  An ironbound frostheart (D:13)
  4 centaur warriors
  14 alligators
  3 boulder beetles
  6 demonic crawlers
  6 two-headed ogres
  4 orc high priests
  A spriggan berserker (Swamp:3)
  3 pharaoh ants (Spider:1)
  A skyshark (Lair:4)
  3 spriggan druids
  4 goliath frogs
  4 sun moths
  A lindwurm (Lair:5)
  7 bog bodies
  5 swamp dragons
  4 orb spiders (Spider:2)
  5 orc knights
  3 deep elf pyromancers
  Pikel (D:6)
  An obsidian bat (D:12)
  8 wolf spiders
  7 steelbarb worms
  9 ugly things
  6 orc sorcerers (Orc:2)
  2 will-o-the-wisps
  2 manticores (D:14)
  4 oklob plants
  3 cyclopes (D:13)
  A moth of wrath (Spider:2)
  Maurice (D:7)
  3 elephants (Lair:5)
  3 black mambas
  A kobold blastminer (Orc:2)
  An apocalypse crab (Gauntlet)
  Joseph (D:6)
  4 torpor snails
  6 meliai (Spider:1)
  3 gargoyles
  A molten gargoyle (Lair:5)
  An orange demon (Gauntlet)
  9 cane toads
  The ghost of jamsaran the Apothecary, a novice DgAl (D:5)
  A rime drake (shapeshifter) (D:13)
  A rime drake (Lair:1)
  Maggie (D:7)
  5 kobold demonologists
  An unseen horror (D:11)
  13 komodo dragons
  A tengu conjurer (D:14)
  5 freezing wraiths
  A queen bee (Spider:1)
  4 hornets
  2 polar bears
  8 trolls
  10 tyrant leeches
  A bloated husk (Swamp:3)
  13 tarantellas
  18 blink frogs
  11 dream sheep
  9 culicivoras
  6 slime creatures (D:13)
  8 jumping spiders
  5 wraiths
  3 spriggans
  11 wyverns
  2 humans (D:13)
  Grum (D:9)
  40 yaks
  9 basilisks
  A hog (Spider:1)
  5 swamp worm simulacra (Swamp:4)
  6 wargs
  23 vampire mosquitoes
  3 steam dragons
  Menkaure (D:6)
  21 redbacks
  An acid dragon (D:13)
  17 swamp worms
  11 hydra simulacra (Swamp:4)
  14 water moccasins
  5 hell hounds (Lair:5)
  A swamp drake (Swamp:3)
  An ice beast (shapeshifter) (D:15)
  3 sky beasts
  6 black bears
  24 orc warriors
  13 wolves
  7 ogres
  A crocodile (Sewer)
  8 centaurs
  2 phantoms
  A lemure (D:6)
  4 kobold brigands
  Blork the orc (D:6)
  12 bullfrogs
  A brain worm (Sewer)
  A scorpion (D:5)
  11 wights
  A hornet simulacrum (D:15)
  2 troll zombies (Swamp:3)
  27 killer bees
  5 howler monkeys
  A troll skeleton (Swamp:3)
  3 electric eels
  2 bombardier beetles
  6 lava snakes
  4 jellies
  Crazy Yiuf (D:6)
  21 orc priests
  4 hounds
  An iguana (D:9)
  Ijyb (D:3)
  19 orc wizards
  6 gnolls
  6 adders
  A shadow imp (D:8)
  4 white imps
  A nameless horror (Spider:3)
  2 ufetubi (D:7)
  2 swamp drake simulacra (Swamp:4)
  3 dart slugs
  A ribbon worm (D:3)
  64 orcs
  11 ball pythons
  7 endoplasms
  2 giant cockroaches
  15 goblins
  8 hobgoblins
  6 jackals
  23 kobolds
  A quokka (D:4)
  12 bats
  2 frilled lizards
  5 rats
875 creatures vanquished.

Vanquished Creatures (collateral kills)
  Asterion (Spider:2)
  2 thorn hunters
  2 hydras
  An alligator (Swamp:3)
  A boulder beetle (Spider:2)
  A bog body (Swamp:3)
  A swamp dragon (Swamp:3)
  An orc knight (Orc:1)
  A will-o-the-wisp (Swamp:3)
  A moth of wrath (Spider:3)
  A molten gargoyle (Lair:5)
  An orange demon (Lair:3)
  Jeremiah (D:6)
  A komodo dragon (Lair:5)
  A kobold demonologist (Bailey)
  A dream sheep (Lair:5)
  A culicivora (Spider:3)
  A yak (Lair:3)
  3 redbacks
  A swamp worm simulacrum (Swamp:4)
  2 swamp worms (Swamp:1)
  A water moccasin (Lair:5)
  2 orc warriors
  2 swamp drakes (Swamp:3)
  2 jellies (Lair:5)
  2 orc wizards
  A shadow imp (D:8)
  An ufetubus (D:8)
  3 orcs (D:8)
  2 endoplasms (Lair:5)
  2 goblins (Bailey)
  3 hobgoblins (Bailey)
47 creatures vanquished.

Vanquished Creatures (others)
  A hydra (Swamp:4)
  An orc high priest (Orc:2)
  Amaemon (Lair:3)
  4 dancing weapons
  A kobold blastminer (Orc:1)
  2 bloated husks
  A tyrant leech (Swamp:2)
  A swamp worm (Swamp:4)
  10 foxfires
22 creatures vanquished.

Grand Total: 944 creatures vanquished

Notes
Turn   | Place    | Note
-------+----------+-------------------------------------------
     0 | D:1      | mdonais the Oni Enchanter began the quest for the Orb.
     0 | D:1      | Reached XP level 1. HP: 16/16 MP: 3/3
    73 | D:1      | Reached skill level 1 in Fighting
   153 | D:1      | Reached skill level 2 in Fighting
   153 | D:1      | Reached XP level 2. HP: 23/28 MP: 5/5
   156 | D:1      | Learned a level 2 spell: Ensorcelled Hibernation
   269 | D:1      | Reached skill level 1 in Short Blades
   393 | D:1      | Reached skill level 3 in Fighting
   563 | D:1      | Reached XP level 3. HP: 37/37 MP: 6/6
   658 | D:1      | Learned a level 3 spell: Confusing Touch
  1137 | D:2      | Found a hide-covered altar of Uskayaw.
  1157 | D:2      | Became a worshipper of Uskayaw the Reveller
  1268 | D:2      | Reached * piety under Uskayaw
  1650 | D:3      | Reached skill level 4 in Fighting
  1823 | D:3      | Reached XP level 4. HP: 48/48 MP: 4/7
  1904 | D:3      | Noticed Ijyb
  2161 | D:4      | Noticed a black bear
  2430 | D:4      | Noticed a phantom
  2438 | D:4      | Reached ** piety under Uskayaw
  2467 | D:3      | Reached *** piety under Uskayaw
  2473 | D:3      | Killed a phantom
  2474 | D:3      | Reached skill level 5 in Fighting
  2474 | D:3      | Reached skill level 1 in Invocations
  2474 | D:3      | Reached XP level 5. HP: 15/57 MP: 3/8
  2565 | D:4      | Killed a black bear
  2566 | D:4      | Reached skill level 6 in Fighting
  2566 | D:4      | Reached XP level 6. HP: 21/67 MP: 4/9
  2582 | D:4      | Found Qugo's Book Shop.
  2683 | D:4      | Found a glowing drain.
  2687 | Sewer    | Entered a sewer
  2826 | Sewer    | Reached skill level 7 in Fighting
  3012 | D:4      | Learned a level 3 spell: Tukima's Dance
  3039 | D:4      | Reached XP level 7. HP: 67/78 MP: 4/11
  3173 | D:4      | Got the Handbook of Fettered Sidekicks
  3175 | D:4      | Found an iron altar of Okawaru.
  3659 | D:5      | Entered Level 5 of the Dungeon
  3976 | D:5      | Identified the +8 sling of Arbitration {elec, rPois rN+
                  | Str+2}
  4001 | D:5      | Found Obruicog's Armour Shoppe.
  4124 | D:5      | Reached skill level 1 in Ranged Weapons
  4216 | D:5      | Reached XP level 8. HP: 83/88 MP: 12/12
  4221 | D:5      | Reached **** piety under Uskayaw
  4264 | D:5      | Found a runed translucent door.
  4267 | D:5      | Noticed jamsaran's ghost (novice DgAl)
  4326 | D:5      | Learned a level 3 spell: Dazzling Flash
  4664 | D:6      | Found a staircase to the Ecumenical Temple.
  4669 | Temple   | Entered the Ecumenical Temple
  4720 | D:6      | Noticed Menkaure
  4724 | D:6      | Killed Menkaure
  4778 | D:6      | Noticed Jeremiah
  4801 | D:6      | Killed Jeremiah
  4802 | D:6      | Reached skill level 8 in Fighting
  4802 | D:6      | Reached skill level 5 in Invocations
  4903 | D:6      | Reached skill level 9 in Fighting
  5107 | D:6      | Found a runed translucent door.
  5108 | D:6      | Noticed Crazy Yiuf
  5180 | D:6      | Reached XP level 9. HP: 101/101 MP: 13/13
  5181 | D:6      | Noticed Blork the orc
  5192 | D:6      | Killed Blork the orc
  5193 | D:6      | Reached skill level 10 in Fighting
  5233 | D:6      | Noticed Pikel
  5378 | D:6      | Killed Pikel
  5515 | D:6      | Killed Crazy Yiuf
  5592 | D:6      | Gained mutation: You possess an exceptional clarity of
                  | mind. [potion of mutation]
  5592 | D:6      | Gained mutation: You are strong-willed. (Will+) [potion of
                  | mutation]
  5592 | D:6      | Gained mutation: Your flesh is cold resistant. (rC+)
                  | [potion of mutation]
  5693 | D:3      | Killed Ijyb
  5780 | D:5      | Killed jamsaran's ghost
  5781 | D:5      | Reached skill level 11 in Fighting
  5786 | D:5      | Reached ***** piety under Uskayaw
  5848 | D:7      | Noticed Joseph
  5868 | D:6      | Killed Joseph
  6243 | D:7      | Noticed Maurice
  6255 | D:7      | Killed Maurice
  6256 | D:7      | Reached skill level 12 in Fighting
  6256 | D:7      | Reached skill level 5 in Ranged Weapons
  6256 | D:7      | Reached XP level 10. HP: 107/115 MP: 8/14
  6432 | D:7      | Noticed Maggie
  6440 | D:7      | Killed Maggie
  6441 | D:7      | Reached skill level 1 in Conjurations
  6621 | D:7      | Noticed a deep elf pyromancer
  6657 | D:7      | Killed a deep elf pyromancer
  6819 | D:7      | Reached skill level 5 in Dodging
  7042 | D:7      | Noticed a kobold demonologist
  7053 | D:7      | Killed a kobold demonologist
  7054 | D:7      | Reached skill level 13 in Fighting
  7138 | D:7      | Got the Quarto of Yeast
  7262 | D:8      | Found a shimmering altar of Xom.
  7342 | D:8      | Reached skill level 14 in Fighting
  7361 | D:8      | Found a flagged portal.
  7372 | Bailey   | Entered a bailey
  7653 | Bailey   | Noticed an orc knight
  7699 | Bailey   | Killed an orc knight
  7700 | Bailey   | Reached XP level 11. HP: 81/130 MP: 3/16
  8047 | Bailey   | Noticed an orc high priest
  8052 | Bailey   | Killed an orc high priest
  8356 | Bailey   | Found an iron altar of Okawaru.
  8588 | Bailey   | Acquired the +1 robe of the Haunted Jabberwock {rElec rPois
                  | Regen+ SInv}
  8650 | D:8      | Noticed a two-headed ogre
  8661 | D:8      | Killed a two-headed ogre
  8689 | D:8      | Found a blossoming altar of Fedhas.
  8697 | D:8      | Found a shimmering blue altar of Sif Muna.
  8841 | D:8      | Found a basalt altar of Yredelemnul.
  9002 | D:8      | Found a radiant altar of Vehumet.
  9013 | D:8      | Found a broken altar of Ashenzari.
  9016 | D:8      | Found a hazy altar of Hepliaklqana.
  9274 | D:9      | Reached skill level 15 in Fighting
  9441 | D:9      | Found a staircase to the Lair.
  9708 | D:9      | Reached skill level 16 in Fighting
  9712 | D:9      | Reached ****** piety under Uskayaw
  9770 | D:9      | Noticed Grum
  9800 | D:9      | Killed Grum
 10200 | D:9      | Reached XP level 12. HP: 118/144 MP: 18/18
 10247 | D:9      | Found a stormy altar of Qazlal.
 10510 | D:10     | Entered Level 10 of the Dungeon
 10567 | D:10     | Noticed a two-headed ogre
 10576 | D:10     | Killed a two-headed ogre
 11332 | D:11     | Noticed a boulder beetle
 11378 | Lair:1   | Entered Level 1 of the Lair of Beasts
 12029 | Lair:1   | Reached skill level 17 in Fighting
 12210 | Lair:1   | Noticed Erica
 12219 | Lair:1   | Killed Erica
 12220 | Lair:1   | Reached skill level 10 in Invocations
 12609 | Lair:1   | Found a blossoming altar of Fedhas.
 13113 | Lair:2   | Noticed a catoblepas
 13159 | Lair:2   | Killed a catoblepas
 13335 | Lair:2   | Reached skill level 18 in Fighting
 13339 | Lair:2   | Reached XP level 13. HP: 115/158 MP: 20/20
 13488 | Lair:2   | Found a hole to the Spider Nest.
 14303 | Lair:3   | Noticed Amaemon
 14329 | Lair:3   | Killed Amaemon
 15116 | Lair:3   | Reached skill level 19 in Fighting
 15155 | Lair:3   | Found a staircase to the Swamp.
 15339 | Lair:4   | You fall into a shaft and drop 1 floor!
 15339 | Lair:5   | Entered Level 5 of the Lair of Beasts
 15365 | Lair:5   | Noticed Rupert
 15378 | Lair:5   | Noticed a fire dragon
 15900 | Lair:5   | Reached skill level 20 in Fighting
 15903 | Lair:5   | Reached skill level 1 in Shapeshifting
 15918 | Lair:5   | Found a viscous altar of Jiyva.
 15923 | Lair:5   | Found a staircase to the Slime Pits.
 16387 | Lair:4   | Reached skill level 5 in Shapeshifting
 16434 | Lair:4   | Reached XP level 14. HP: 175/175 MP: 23/23
 17016 | D:11     | Reached skill level 1 in Unarmed Combat
 17290 | D:11     | Identified the +8 dagger of Agheirch {holy, Will+}
 17940 | D:12     | Found a staircase to the Orcish Mines.
 17977 | D:12     | Found a transporter.
 18076 | D:12     | Found a transporter.
 18726 | Orc:1    | Entered Level 1 of the Orcish Mines
 18726 | Orc:1    | Found Negexkit's Armour Boutique.
 19706 | Orc:2    | Entered Level 2 of the Orcish Mines
 20545 | Orc:1    | Reached skill level 5 in Unarmed Combat
 20784 | Orc:2    | Found Omelam's Distillery.
 20784 | Orc:2    | Found Bet Wom's Armour Boutique.
 20785 | Orc:2    | Found Heorgho Doorr's Assorted Antiques.
 20785 | Orc:2    | Found Akhlof's Assorted Antiques.
 20805 | Orc:2    | Bought a potion of heal wounds for 185 gold pieces
 20914 | Orc:2    | Found a staircase to the Elven Halls.
 20961 | Orc:2    | Found a roughly hewn altar of Beogh.
 21297 | Orc:2    | Bought a transparent tin ring for 130 gold pieces
 21297 | Orc:2    | Identified the ring "Zuzib" {Str+2 Int+2 Dex+6} (You bought
                  | it in a shop on level 2 of the Orcish Mines)
 21302 | Orc:2    | Learned a level 2 spell: Momentum Strike
 21305 | Orc:2    | Learned a level 2 spell: Blink
 21309 | Orc:2    | Learned a level 3 spell: Ozocubu's Armour
 21804 | D:13     | Found a gate to the Vaults.
 22202 | D:13     | Noticed Erolcha
 22210 | D:13     | Killed Erolcha
 22211 | D:13     | Reached XP level 15. HP: 183/183 MP: 24/24
 22870 | Lair:5   | Noticed Nessos
 23137 | Lair:5   | Found a large runed translucent door.
 23137 | Lair:5   | Found a large runed translucent door.
 23245 | Lair:5   | Paralysed by Rupert for 5 turns
 23260 | Lair:5   | Killed Rupert
 23516 | Lair:5   | Killed Nessos
 24727 | Lair:5   | Identified the +1 war axe of Defilement {drain, Str+2
                  | Stlth+}
 25566 | D:14     | Reached skill level 1 in Ice Magic
 25770 | D:14     | You fall into a shaft and drop 1 floor!
 25770 | D:15     | Entered Level 15 of the Dungeon
 25797 | D:15     | Found a gate leading to a gauntlet.
 25814 | Gauntlet | Entered a Gauntlet
 25814 | Gauntlet | Found a runed translucent door.
 25814 | Gauntlet | Found a transporter.
 25814 | Gauntlet | Found a runed translucent door.
 25814 | Gauntlet | Found a transporter.
 25831 | Gauntlet | Found a transporter.
 25836 | Gauntlet | Found a runed translucent door.
 25846 | Gauntlet | Found a transporter.
 25846 | Gauntlet | Found a transporter.
 25846 | Gauntlet | Found a transporter.
 25848 | Gauntlet | Found a transporter.
 25848 | Gauntlet | Found a transporter.
 25862 | Gauntlet | Found a transporter.
 25862 | Gauntlet | Found the +3 pair of mountain boots {steadfast, rC+}
 25878 | Gauntlet | Found a transporter.
 25888 | Gauntlet | Found a transporter.
 25902 | Gauntlet | Found a transporter.
 25936 | Gauntlet | Found a transporter.
 25936 | Gauntlet | Found the +8 Wrath of Trog {antimagic, *Rage Rampage}
 25948 | Gauntlet | Found a transporter.
 26051 | Gauntlet | Identified the ring of Gonijif {*Corrode rPois Will+ Int+3}
 26221 | Gauntlet | Got the Excursus on Macabre Correspondence
 26222 | Gauntlet | Identified the ring "Dycur" {rPois rF+ Int+5 Dex+5}
 26230 | Gauntlet | Identified the +7 glaive "Impbane" {spect, Fly rF++ Will-
                  | rCorr}
 26503 | Gauntlet | Got the Elucidation of Conjury
 27635 | D:15     | Noticed Josephine
 27647 | D:15     | Killed Josephine
 27836 | D:15     | Reached skill level 10 in Unarmed Combat
 27836 | D:15     | Reached skill level 10 in Shapeshifting
 28528 | D:15     | Noticed a storm dragon
 28746 | Spider:1 | Entered Level 1 of the Spider Nest
 28913 | Spider:1 | Reached skill level 5 in Ice Magic
 29285 | Spider:1 | Reached XP level 16. HP: 180/180 MP: 19/25
 29776 | Spider:1 | Noticed Kirke
 29786 | Spider:1 | Killed Kirke
 30047 | Spider:2 | Found a transporter.
 30241 | Spider:2 | Learned a level 3 spell: Summon Ice Beast
 30490 | Spider:2 | Reached skill level 1 in Summonings
 30501 | Spider:2 | Noticed Asterion
 30831 | Spider:2 | Found a transporter.
 30872 | Spider:2 | Killed Asterion
 32097 | Spider:3 | Reached skill level 5 in Spellcasting
 33153 | D:12     | Identified the ring of Jucaf {Str+3 SInv}
 33180 | D:12     | Reached XP level 17. HP: 122/201 MP: 17/26
 33332 | Orc:2    | Bought a potion of curing for 36 gold pieces
 33332 | Orc:2    | Bought a potion of curing for 36 gold pieces
 33332 | Orc:2    | Bought a potion of berserk rage for 60 gold pieces
 33332 | Orc:2    | Bought a potion of might for 48 gold pieces
 33332 | Orc:2    | Bought a potion of haste for 120 gold pieces
 33334 | Orc:2    | Bought a scroll of teleportation for 111 gold pieces
 33583 | Swamp:1  | Entered Level 1 of the Swamp
 33836 | Swamp:1  | Reached skill level 1 in Translocations
 33899 | Swamp:1  | Identified the maw talisman "Xirunoess" {Fly rN+}
 34533 | Swamp:2  | Paralysed by a hornet for 3 turns
 36391 | Swamp:4  | Entered Level 4 of the Swamp
 37386 | Swamp:4  | HP: 9/204 [eight-headed hydra simulacrum (14)]
 37386 | Swamp:4  | Mangled by an eight-headed hydra simulacrum

Illustrated notes

Levels and vault maps discovered:
D:1:      scummos_arrival_simple_fountains, layout_rooms
D:2:      layout_basic, basic_altar
D:3:      layout_basic, uniq_ijyb
D:4:      layout_cave_pools, mainiacjoe_overflow_24_doors,
          gup_sewer_entry_spiral, serial_shops, shop
D:5:      layout_loops_ring, serial_shops, shop, ebering_ghost_sewer_d
D:6:      layout_basic, temple_doors_e, uniq_pikel, uniq_menkaure,
          uniq_crazy_yiuf_cottage, uniq_blork_the_orc, uniq_jeremiah
D:7:      layout_rooms, serial_library, serial_library_hellmonk_double_dead_end,
          serial_library_hellmonk_layered_room,
          serial_library_hellmonk_open_cross,
          serial_library_hellmonk_small_alcove,
          serial_library_regret_index_multi, serial_library_hellmonk_h_bend,
          serial_library_hellmonk_metal_room, uniq_maurice, uniq_joseph,
          uniq_maggie
D:8:      layout_rooms, mainiacjoe_overflow_catch_the_wave,
          nicolae_overflow_hidden_temple, serial_demonic, serial_demonic_g,
          serial_demonic_e, serial_demonic_f, serial_demonic_g, enter_bailey_3,
          kennysheep_generic_room_11
D:9:      layout_long_grid, nicolae_qazlal_style_of_elements,
          minmay_lair_entry_grove, uniq_grum
D:10:     layout_gridville
D:11:     layout_rooms
D:12:     gammafunk_wand_slinger, layout_stronghold,
          minmay_orc_entry_guard_dogs, evilmike_butchery
D:13:     layout_roguey, hellmonk_vaults_keyhole, uniq_erolcha
D:14:     layout_basic
D:15:     hellmonk_depths_entry_around_the_bend, layout_long_grid,
          gauntlet_entry_generic, uniq_josephine
Temple:   hellmonk_temple_forest_ring
Lair:1:   layout_regular_city, serial_forest, infiniplex_forest_lined_corner,
          infiniplex_forest_lined_corner, infiniplex_forest_zigzag_1,
          infiniplex_forest_join, infiniplex_forest_end_3,
          infiniplex_forest_clump_long, infiniplex_forest_clump_medium,
          hangedman_tree_tricks, wad_woods_river_01, uniq_erica
Lair:2:   layout_misc_corridors, spider_nest_entry_web_field,
          beast_lair_carwin_9, grunt_megastairs_2
Lair:3:   layout_gridlike, palyth_hydra_swamp_entry, uniq_amaemon
Lair:4:   layout_layer_cave, roderic_carrion_pond
Lair:5:   cheibrodos_lair_end_hotspot, layout_small_grid,
          nicolae_slime_entry_slimehenge, uniq_rupert, uniq_nessos
Swamp:1:  layout_basic_swamp, nicolae_swamp_bean_lake, infiniplex_staircase_pool
Swamp:2:  layout_falls_marsh, nicolae_swamp_decorative_isthmus
Swamp:3:  layout_falls_marsh, serial_swamp_ruin, evilmike_swamp_ruin_rubble_1,
          evilmike_swamp_ruin_house_5, swamp_pool_5, cheibrodos_swamp_minitomb
Swamp:4:  swamp_icy, layout_basic_swamp
Spider:1: layout_cave_pods, special_room [special_room_bee], uniq_kirke
Spider:2: gammafunk_sealed_arena, hellmonk_test_site, uniq_asterion
Spider:3: layout_spider_delve, hellmonk_narrow_tunnel
Orc:1:    layout_caves, serial_shops, shop, nicolae_orc_pool_cavern
Orc:2:    st_orc_elflike, layout_caves, nicolae_orc_beogh_chapel

Skill      XL: |  1  2  3  4  5  6  7  8  9 10 11 12 13 14 15 16 17 |
---------------+----------------------------------------------------+-----
Fighting       | 2 3 4 5 6 7 9 12 14 16 18 20 | 20.7
Short Blades   | 1 2 |  2.1
Invocations    | 1 2 3 4 5 6 7 8 10 12 14 | 14.0
Hexes          | 3 4 |  4.0
Spellcasting   | 3 5 |  5.0
Ranged Weapons | 2 4 5 6 7 |  7.0
Dodging        | 4 5 6 8 |  8.9
Conjurations   | 2 3 |  3.0
Shapeshifting  | 5 8 10 | 10.0
Unarmed Combat | 8 10 12 14 | 14.0
Ice Magic      | 5 6 |  6.6
Summonings     | 4 |  4.0
Stealth        | 4 |  4.0
Translocations | 2 |  2.0

Action                     |  1- 3 |  4- 6 |  7- 9 | 10-12 | 13-15 | 16-18 || total
---------------------------+-------+-------+-------+-------+-------+-------++-------
  Melee: Dagger            |   125 |   108 |    55 |       |       |       ||   288
         Headbutt          |    16 |    19 |    14 |       |     1 |   114 ||   164
         Unarmed           |       |       |       |       |   208 |   745 ||   953
         Constrict         |       |       |       |       |    49 |    96 ||   145
         Maw               |       |       |       |       |       |   140 ||   140
         Punch             |       |       |       |       |       |    52 ||    52
   Fire: Sling             |       |       |   160 |   829 |   798 |       ||  1787
         Arbalest          |       |       |       |       |   321 |       ||   321
         Longbow           |       |       |       |       |   103 |     4 ||   107
  Throw: Javelin           |       |     3 |     1 |       |       |       ||     4
   Cast: Ensorcelled Hiber |    11 |    11 |     9 |       |       |       ||    31
         Confusing Touch   |       |     3 |     1 |       |       |       ||     4
         Tukima's Dance    |       |       |     4 |    21 |     7 |       ||    32
         Dazzling Flash    |       |       |     1 |     1 |       |       ||     2
         Ozocubu's Armour  |       |       |       |       |    18 |    94 ||   112
         Summon Ice Beast  |       |       |       |       |       |    69 ||    69
 Invoke: Stomp             |       |       |       |     2 |       |       ||     2
         Line Pass         |       |       |       |     2 |       |       ||     2
  Evoke: Wand              |       |       |       |     1 |    19 |     2 ||    22
    Use: Scroll            |       |     8 |     1 |    12 |    18 |     4 ||    43
         Potion            |       |     1 |     4 |     5 |     5 |     5 ||    20
   Stab: Sleeping          |    10 |     7 |     5 |       |     1 |    10 ||    33
         Distracted        |       |     1 |     1 |       |       |    11 ||    13
         Confused          |       |     1 |       |       |       |       ||     1
         Paralysed         |       |     1 |     1 |       |    22 |    74 ||    98
         Invisible         |       |       |     1 |       |       |       ||     1
 Armour: Robe              |    50 |    53 |   127 |   313 |   683 |     1 ||  1227
         Steam dragon scal |       |       |       |    95 |       |       ||    95
         Skin              |       |       |       |       |   192 |   770 ||   962
  Dodge: Dodged            |    56 |    24 |    58 |   236 |   526 |   482 ||  1382
  Block: Other             |       |       |    15 |    94 |   167 |       ||   276
         Reflection        |       |       |       |     6 |    15 |       ||    21
         Form:             |       |       |       |       |     3 |     1 ||     4
         Beast             |       |       |       |       |     1 |       ||     1
         Serpent           |       |       |       |       |     3 |     4 ||     7
         Blade             |       |       |       |       |       |     3 ||     3
         Maw               |       |       |       |       |       |     1 ||     1

Table legend: (Time is in decaauts)
 A = Elapsed time spent in this place.
 B = Non-inter-level travel time spent in this place.
 C = Inter-level travel time spent in this place.
 D = Time resting spent in this place.
 E = Time spent auto-exploring this place.
 F = Levels seen in this place.
 G = Mean time per level.
                   A        B        C        D        E       F      G
               +--------+--------+--------+--------+--------+-----+--------+
         Total |  37522 |  34571 |   2951 |   5590 |  19149 |  33 | 1137.0 |
       Dungeon |  16994 |  15580 |   1414 |   1627 |   9985 |  15 | 1132.9 |
        Temple |      1 |      1 |      0 |      0 |      0 |   1 |    1.0 |
          Lair |   8405 |   7438 |    967 |   1226 |   4216 |   5 | 1681.0 |
         Swamp |   3678 |   3569 |    109 |    795 |   1517 |   4 |  919.5 |
   Spider Nest |   3846 |   3635 |    211 |    811 |   1830 |   3 | 1282.0 |
  Orcish Mines |   2371 |   2122 |    249 |    232 |   1156 |   2 | 1185.5 |
         Sewer |    242 |    242 |      0 |     77 |     41 |   1 |  242.0 |
        Bailey |   1266 |   1266 |      0 |    474 |    265 |   1 | 1266.0 |
      Gauntlet |    715 |    715 |      0 |    347 |    139 |   1 |  715.0 |
               +--------+--------+--------+--------+--------+-----+--------+

Top non-repeatable levels by time:
  Lair:5: 2543 daAuts
    D:12: 2264 daAuts
Spider:1: 1817 daAuts
  Lair:1: 1569 daAuts
  Lair:3: 1562 daAuts
     D:9: 1527 daAuts
  Lair:4: 1507 daAuts
    D:15: 1436 daAuts
   Orc:2: 1345 daAuts
    D:14: 1314 daAuts
  Bailey: 1266 daAuts
     D:6: 1241 daAuts
  Lair:2: 1222 daAuts
 Swamp:1: 1220 daAuts
Spider:2: 1194 daAuts
